 Dungeon Crawl Stone Soup version 0.28.0-1-gb440e238dd (webtiles) character file.

Game seed: 9738067142442807906

128 graymark the Grave Robber (level 4, -4/24 HPs)
             Began as a Deep Elf Necromancer on Feb 22, 2022.
             Slain by an orc (6 damage)
             ... on level 3 of the Dungeon.
             The game lasted 00:09:13 (4019 turns).

graymark the Grave Robber (Deep Elf Necromancer)    Turns: 4019, Time: 00:09:14

Health: -4/24      AC:  2    Str:  5    XL:     4   Next: 87%
Magic:  8/13       EV: 12    Int: 22    God:
Gold:   124        SH:  0    Dex: 15    Spells: 0/13 levels left

rFire   . . .      SeeInvis .   e - +0 dagger (speed)
rCold   . . .      Faith    .   (no shield)
rNeg    . . .      Spirit   .   a - +0 robe
rPois   .          Reflect  .   (no helmet)
rElec   .          Harm     .   (no cloak)
rCorr   .          Rampage  .   (no gloves)
Will    .....                   (no boots)
Stlth   ++........              (no amulet)
HPRegen 0.08/turn               (no ring)
MPRegen 0.13/turn               (no ring)

@: no status effects
A: no striking features
a: no special abilities


You were on level 3 of the Dungeon.
You visited 1 branch of the dungeon, and saw 3 of its levels.

You collected 124 gold pieces.

Inventory:

Hand Weapons
 d - a +0 short sword
 e - a +0 dagger of speed (weapon)
Armour
 a - a +0 robe (worn)
Scrolls
 b - a scroll of acquirement {unknown}
 c - 3 scrolls of identify {unknown}
 g - a scroll of fog {unknown}
 i - 2 scrolls of enchant weapon {unknown}
Potions
 f - 2 potions of berserk rage {unknown}
 h - a potion of flight {unknown}
 j - a potion of heal wounds {unknown}
 k - a potion of attraction {unknown}


   Skills:
 - Level 2.4 Dodging
 - Level 2.4 Stealth
 + Level 5.2 Spellcasting
 + Level 0.4 Conjurations
 + Level 0.7 Hexes
 + Level 6.2 Necromancy


You couldn't memorise any spells.
You knew the following spells:

 Your Spells              Type           Power      Damage    Failure   Level
a - Pain                  Necr           100%       1d9       1%          1
b - Animate Skeleton      Necr           66%        N/A       1%          1
c - Vampiric Draining     Necr           33%        2d8       2%          3
d - Animate Dead          Necr           16%        N/A       8%          4
e - Fulminant Prism       Conj/Hex       4%         3d6       61%         4

Your spell library contained the following spells:

 Spells                   Type           Power      Damage    Failure   Level
 Magic Dart               Conj           28%        1d4       9%          1
 Searing Ray              Conj           14%        2d5       12%         2
 Agony                    Necr           33%        N/A       22%         5


Dungeon Overview and Level Annotations

Branches:
Dungeon (3/15)

Altars:
Ru


Message History

Aiming: Pain (safe; 1% risk of failure)
Press: ? - help, Shift-Dir - straight line, f/p - orc wizard
Aim: an orc wizard, wielding a +0 dagger and wearing a +0 robe (moderately wounded, chance to affect: 83%)
The orc wizard writhes in agony.
The orc wizard hits you but does no damage.
Casting: Pain (safe; 1% risk of failure)
Confirm with . or Enter, or press ? or * to list all spells.
Aiming: Pain (safe; 1% risk of failure)
Press: ? - help, Shift-Dir - straight line, f/p - orc wizard
Aim: an orc wizard, wielding a +0 dagger and wearing a +0 robe (heavily wounded, chance to affect: 83%)
The orc wizard writhes in agony.
The orc wizard closely misses you.
Casting: Pain (safe; 1% risk of failure)
Confirm with . or Enter, or press ? or * to list all spells.
You attempt to give life to the dead...
Before your eyes, flesh is ripped from the corpse!
The dead are walking!
The orc wizard closely misses you. What are your orders? t - Shout!
Orders for allies: a - Attack new target. p - Attack previous target. r - Retreat! s - Stop attacking. g - Guard the area. f - Follow me.
Anything else - Cancel.
Gang up on whom?
Press: ? - help, Dir - move target, f - orc, p - orc wizard
Aim: an orc, wielding a +0 hand axe Attack!
The orc wizard closely misses you.
An orc priest comes into view. It is wielding a +0 hand axe.
The orc priest calls down the wrath of Beogh upon your orc wizard skeleton.
Your orc wizard skeleton is smitten.
Your orc wizard skeleton is destroyed!
The orc wizard points at you and mumbles some strange words.
You are confused.
You bump into the rock wall.
You're too confused to move!
The orc wizard closely misses you.
You feel less confused.
The orc wizard gestures at you while chanting.
The puff of flame hits you!
* * * LOW HITPOINT WARNING * * *
The orc hits you with a +0 hand axe.
You die...

#####...###..###.....#
##########.....######...#.###.#
...##......########.......# #.#
......#######.......####.####.#
##.######.....................#
##.....#...#############..###.#
........................#..##.#
##.........(###.....####
#....### ##>...........#.@..##
###....# ##.......†....#.oo##
#....# ##............###..#
#....# ##............# ##o#
##....# #####.######### #.#
##.....# # #.# #.#######....###
..# #.#.......#..# ....
#o#.#######..# #####
####)#.#### #..#


You could see an orc priest, an orc wizard and an orc.

Vanquished Creatures
  A hound (D:2)
  An orc wizard (D:3)
  An adder (D:2)
  2 worms (D:2)
  2 orcs (D:3)
  5 ball pythons
  3 endoplasms
  4 giant cockroaches
  4 hobgoblins
  7 jackals
  2 quokkas (D:1)
  4 bats
  6 frilled lizards
  3 goblins
  6 kobolds
  7 rats
58 creatures vanquished.

Notes
Turn   | Place    | Note
-------+----------+-------------------------------------------
     0 | D:1      | graymark the Deep Elf Necromancer began the quest for the
                  | Orb.
     0 | D:1      | Reached XP level 1. HP: 10/10 MP: 6/6
   136 | D:1      | Learned a level 1 spell: Animate Skeleton
   309 | D:1      | Reached skill level 5 in Necromancy
   583 | D:1      | Reached XP level 2. HP: 9/15 MP: 4/8
  1380 | D:1      | Found a faded altar of an unknown god.
  1393 | D:1      | Prayed at the altar of an unknown god.
  1393 | D:1      | Became a worshipper of Ru the Awakened
  1449 | D:1      | Fell from the grace of Ru
  1867 | D:1      | Reached XP level 3. HP: 18/19 MP: 8/10
  1871 | D:1      | Learned a level 3 spell: Vampiric Draining
  2669 | D:2      | Reached XP level 4. HP: 21/24 MP: 8/12
  2716 | D:2      | Learned a level 4 spell: Animate Dead
  3019 | D:2      | Reached skill level 6 in Necromancy
  3594 | D:3      | Reached skill level 5 in Spellcasting
  3891 | D:3      | Learned a level 4 spell: Fulminant Prism
  4019 | D:3      | Slain by an orc

Illustrated notes

Levels and vault maps discovered:
D:1:      wander_arrival_fairy_ring, layout_basic,
          shapermc_ecumenical_altar_mp_ritualfount
D:2:      layout_loops_ring, minmay_pentomino_r4
D:3:      layout_rooms, minmay_misc_feat_roman

Skill      XL: |  1  2  3  4 |
---------------+-------------+-----
Necromancy     | 5 6 |  6.2
Spellcasting   | 4 5 |  5.2
Dodging        | |  2.4
Stealth        | |  2.4
Conjurations   | |  0.4
Hexes          | |  0.7

Action                   |  1- 3 |  4- 6 || total
-------------------------+-------+-------++-------
Melee: Short sword       |    10 |       ||    10
       Dagger            |     5 |    12 ||    17
       Punch             |     1 |       ||     1
 Cast: Pain              |    56 |    47 ||   103
       Animate Skeleton  |       |     5 ||     5
Invok: Renounce Religion |     1 |       ||     1
 Stab: Sleeping          |     2 |     2 ||     4
Armor: Robe              |     6 |     5 ||    11
Dodge: Dodged            |    19 |    26 ||    45
